 Dungeon Crawl Stone Soup version 0.26-a0-393-g67388ea477 (webtiles) character file.

Game seed: 3213101383766573861

267 KristoblXynda the Charlatan (level 6, -1/76 HPs)
             Began as a Draconian Artificer on July 22, 2020.
             Slain by Natasha (3 damage)
             ... on level 2 of the Dungeon.
             The game lasted 00:04:15 (2757 turns).

KristoblXynda the Charlatan (Draconian Artificer)   Turns: 2757, Time: 00:04:16

Health: -1/76      AC: 23    Str: 14    XL:     6   Next: 0%
Magic:  6/6        EV:  2    Int: 14    God:
Gold:   52         SH:  0    Dex: 11    Spells: 5/5 levels left

rFire    . . .     SeeInvis .   e - +1 dagger (pain)
rCold    . . .     Faith    .   (no shield)
rNeg     + + +     Spirit   .   (armour unavailable)
rPois    +         Reflect  .   (helmet currently unavailable)
rElec    .         Harm     .   (cloak currently unavailable)
rCorr    .         NoTele   +   (gloves currently unavailable)
MR       .....                  (boots currently unavailable)
Stlth    +.........             (no amulet)
HPRegen  0.22/turn              (no ring)
MPRegen  0.10/turn              (no ring)

@: tree-form
A: unfitting armour, AC +6
a: no special abilities


You were on level 2 of the Dungeon.
You were a tree.
You visited 1 branch of the dungeon, and saw 2 of its levels.

You collected 52 gold pieces.

Inventory:

Hand Weapons
 e - a +1 dagger of pain (weapon)
 k - a +0 falchion
Wands
 b - a wand of flame (12)
 c - a wand of enslavement (14)
 d - a wand of random effects (9)
Scrolls
 a - a scroll of fear {unknown}
 g - a scroll of enchant weapon {unknown}
 h - a scroll of identify {unknown}
 i - a scroll of magic mapping {unknown}
 j - 3 scrolls of remove curse


   Skills:
 - Level 3.1 Fighting
 - Level 2.1(2.4) Short Blades
 * Level 1.5(2.1) Long Blades
 + Level 3.4 Dodging
 - Level 1.0 Stealth
 + Level 4.2 Evocations


You had 5 spell levels left.
You didn't know any spells.
Your spell library contained the following spells:

 Spells                   Type           Power        Failure   Level
 Corona                   Hex            #......      28%         1
 Ensorcelled Hibernation  Hex/Ice        #.....       41%         2
 Confusing Touch          Hex            #.......     65%         3
 Dazzling Flash           Conj/Hex       #.....       65%         3
 Tukima's Dance           Hex            #.......     65%         3


Dungeon Overview and Level Annotations

Branches:
Dungeon (2/15)

Altars:

Annotations:
D:2 Natasha


Innate Abilities, Weirdness & Mutations

((Your plain brown scales are hard. (AC +6)))
You cannot fit into any form of body armour.
((You are cold-blooded and may be slowed by cold attacks.))


Message History

Natasha claws you but does no damage.
Unknown command.
Evoke which item? (* to show all) (? for menu, Esc to quit)
Aiming: Random Effects
Press: ? - help, Shift-Dir - straight line, f/p - Natasha
Aim: Natasha (grey smoke, severely wounded, misshapen and mutated) Natasha seems to speed up.
Natasha claws you.
* * * LOW HITPOINT WARNING * * *
Natasha claws you but does no damage.
Evoke which item? (* to show all) (? for menu, Esc to quit)
Aiming: Throw Flame
Press: ? - help, Shift-Dir - straight line, f/p - Natasha
Aim: Natasha (severely wounded, fast, misshapen and mutated)
The puff of flame misses Natasha.
Natasha claws you but does no damage.
Evoke which item? (* to show all) (? for menu, Esc to quit)
Aiming: Throw Flame
Press: ? - help, Shift-Dir - straight line, f/p - Natasha
Aim: Natasha (severely wounded, fast, misshapen and mutated)
The puff of flame misses Natasha.
Natasha claws you.
You die...

...[###......(# #..............#.
.....##.......###..............#.
.....###.......##.............)#.
..)..# #######)##..............#.
.....# #...#.#..+.....########.#.
####.###..##.#..#.....# #...
#.##....#....#.....# ######..
#.##.......#h....#.# #...##..
#.##....#.##.♣##.#.####.#.#..>
#.##.......#...#.#....#.....#.
#.########.#.#.#.####.#..#....
#.#......#.#...#....#.#..#.#..
#.#.###.##.#####...##.#.####..
#..........# #..............
#######.##.###### #..###########.
....# #.#..#....###..# #.........
###.# #.##.#.##.#.)).###.########


You could see Natasha (fast, misshapen).

Vanquished Creatures
  Terence (D:2)
  Natasha (twice) (D:2)
  4 adders (D:2)
  A worm (D:2)
  3 dart slugs
  3 leopard geckos
  A ball python (D:1)
  7 bats
  2 giant cockroaches
  9 hobgoblins
  5 jackals (D:2)
  2 quokkas (D:2)
  4 frilled lizards
  4 goblins
  2 kobolds
  6 rats
56 creatures vanquished.

Vanquished Creatures (collateral kills)
  Jessica (D:2)
  3 gnolls (D:2)
4 creatures vanquished.

Grand Total: 60 creatures vanquished

Notes
Turn   | Place    | Note
-------+----------+-------------------------------------------
     0 | D:1      | KristoblXynda the Draconian Artificer began the quest for
                  | the Orb.
     0 | D:1      | Reached XP level 1. HP: 16/16 MP: 1/1
    29 | D:1      | Reached skill level 1 in Stealth
   103 | D:1      | Reached XP level 2. HP: 4/23 MP: 2/2
  1118 | D:2      | Noticed Terence
  1131 | D:2      | Reached skill level 1 in Short Blades
  1131 | D:2      | Reached XP level 3. HP: 12/29 MP: 3/3
  1138 | D:2      | Killed Jessica
  1205 | D:2      | Killed Terence
  1205 | D:2      | Reached XP level 4. HP: 14/37 MP: 4/4
  1205 | D:2      | Reached XP level 5. HP: 16/42 MP: 5/5
  1851 | D:2      | Reached skill level 4 in Evocations
  2158 | D:2      | Noticed Natasha
  2165 | D:2      | Killed Natasha
  2165 | D:2      | Reached skill level 1 in Long Blades
  2416 | D:2      | Noticed Natasha
  2432 | D:2      | Killed Natasha
  2432 | D:2      | Reached XP level 6. HP: 6/51 MP: 6/6
  2729 | D:2      | Noticed Natasha
  2751 | D:2      | HP: 2/76 [Natasha (4)]
  2757 | D:2      | Slain by Natasha

Illustrated notes

Levels and vault maps discovered:
D:1:      lightli_arrival_noodles, layout_rooms
D:2:      layout_basic, uniq_natasha, uniq_terence, uniq_jessica

Skill      XL: |  1  2  3  4  5 |
---------------+----------------+-----
Stealth        | 1 |  1.0
Short Blades   | 1 2 |  2.1
Fighting       | 2 3 |  3.1
Dodging        | 3 |  3.4
Evocations     | 4 |  4.2
Long Blades    | 1 |  1.5

Action                   |  1- 3 |  4- 6 || total
-------------------------+-------+-------++-------
Melee: Dagger            |    99 |   227 ||   326
       Club              |     7 |       ||     7
       Tailslap          |    11 |    15 ||    26
Evoke: Wand              |     2 |     8 ||    10
  Use: Potion            |       |     3 ||     3
       Scroll            |       |     1 ||     1
 Stab: Confused          |     2 |       ||     2
       Sleeping          |       |     1 ||     1
Armor: Skin              |    37 |    73 ||   110
Dodge: Dodged            |    78 |   174 ||   252

Table legend: (Time is in decaauts)
 A = Elapsed time spent in this place.
 B = Non-inter-level travel time spent in this place.
 C = Inter-level travel time spent in this place.
 D = Time resting spent in this place.
 E = Time spent auto-exploring this place.
 F = Levels seen in this place.
 G = Mean time per level.
                   A        B        C        D        E       F      G
               +--------+--------+--------+--------+--------+-----+--------+
         Total |   2757 |   2735 |     22 |   1058 |   1048 |   2 | 1378.5 |
       Dungeon |   2757 |   2735 |     22 |   1058 |   1048 |   2 | 1378.5 |
               +--------+--------+--------+--------+--------+-----+--------+

Top non-repeatable levels by time:
     D:2: 1679 daAuts
     D:1: 1078 daAuts
